 Dungeon Crawl Stone Soup version 0.30-a0-691-g754fce4c43 (webtiles) character file.

Game seed: 10241061980256185402

286 wormed the Sneak (level 6, -1/28 HPs)
             Began as a Felid Delver on Jan 20, 2023.
             Slain by a scorpion (6 damage)
             ... on level 6 of the Dungeon.
             The game lasted 00:07:13 (4251 turns).

wormed the Sneak (Felid Delver)                     Turns: 4251, Time: 00:07:14

Health: -1/28      AC:  2    Str:  8    XL:     6   Next: 8%
Magic:  9/9        EV: 19    Int: 13    God:
Gold:   305        SH:  0    Dex: 18    Spells: 7/7 levels left
                                        Lives:  0   Deaths: 1

rFire   . . .      SeeInvis +      - Unarmed
rCold   . . .      Faith    .    (shield unavailable)
rNeg    . . .      Spirit   .    (body armour unavailable)
rPois   .          Reflect  .    (helmet unavailable)
rElec   .          Harm     .    (cloak unavailable)
rCorr   +          Rampage  .    (gloves unavailable)
Will    .....                    (boots unavailable)
Stlth   ++++                     (no amulet)
HPRegen 0.24/turn                l - ring of resist corrosion
MPRegen 0.11/turn                (no ring)

@: quick
A: very small, claws 1, fangs 3, see invisible, speed 1, shaggy fur 2, stealthy
paws, no weapons or thrown items, no armour, multi-lived
a: no special abilities


You were on level 6 of the Dungeon.
You visited 1 branch of the dungeon, and saw 6 of its levels.

You collected 305 gold pieces.

Inventory:

Jewellery
 l - a ring of resist corrosion (left paw)
Wands
 e - a wand of digging (3)
 n - a wand of quicksilver (5)
 o - a wand of flame (22)
Scrolls
 a - a scroll of fog
 b - a scroll of magic mapping
 i - a scroll of teleportation
 k - 5 scrolls of identify
Potions
 c - a potion of heal wounds {unknown}
 d - 3 potions of curing
 f - 2 potions of magic
 g - a potion of berserk rage {unknown}
 h - 3 potions of brilliance
 j - a potion of resistance {unknown}
 m - 2 potions of invisibility {unknown}


   Skills:
 - Level 3.8 Fighting
 - Level 3.9 Dodging
 - Level 7.4 Stealth
 - Level 2.9 Unarmed Combat
 + Level 1.4 Spellcasting
 * Level 2.7 Transmutations
 * Level 2.2 Air Magic


You had 7 spell levels left.
You didn't know any spells.
Your spell library contained the following spells:

 Spells                   Type           Power      Damage    Failure   Level
 Blink                    Tloc           0%         N/A       38%         2
 Kindle Blastsparks       Fire/Tloc/Air  4%         2d10      52%         3
 Inner Flame              Hex/Fire       0%         N/A       63%         3
 Cause Fear               Hex            0%         N/A       95%         4
 Fulminant Prism          Conj/Hex       0%         3d5       95%         4
 Iskenderun's Mystic Bla  Conj/Tloc      0%         2d3       95%         4
 Manifold Assault         Tloc           0%         N/A       95%         4
 Freezing Cloud           Conj/Ice/Air   1%         6-21      99%         5
 Lee's Rapid Deconstruct  Erth           0%         3d4*      100%        5
 Simulacrum               Ice/Necr       0%         N/A       100%        6
 Storm Form               Tmut/Air       3%         N/A       100%        7
 Discord                  Hex            0%         N/A       100%        8
 Polar Vortex             Ice            0%         N/A       100%        9


Dungeon Overview and Level Annotations

Branches:
Dungeon (6/15)             Temple (0/1) D:5

Altars:
Ashenzari
Dithmenos
Elyvilon
Nemelex Xobeh
Okawaru
Ru
Trog
Uskayaw
Xom
Zin
The Shining One


Innate Abilities, Weirdness & Mutations

You have sharp claws.
You have razor-sharp teeth.
You have supernaturally acute eyesight. (SInv)
You cover ground quickly. (Speed+)
You are covered in thick fur. (AC +2)
Your paws help you pounce on unaware monsters.
You are incapable of wielding weapons or throwing items.
You cannot wear armour.
You gain extra lives every three experience levels.


Message History

You scratch the scorpion.
The scorpion is heavily wounded.
The scorpion closely misses you.
You scratch the scorpion but do no damage.
The scorpion is heavily wounded.
The scorpion misses you.
You scratch the scorpion but do no damage.
Your bite misses the scorpion.
The scorpion is heavily wounded.
The scorpion stings you.
You are poisoned.
The scorpion poisons you!
You barely miss the scorpion. Your bite misses the scorpion.
The scorpion is heavily wounded.
You feel sick. The scorpion closely misses you.
You scratch the scorpion.
The scorpion is severely wounded.
You feel sick. The scorpion misses you.
You closely miss the scorpion.
The scorpion is severely wounded.
You feel sick. The scorpion completely misses you.
You barely miss the scorpion.
The scorpion is severely wounded.
You feel sick. The scorpion stings you.
You closely miss the scorpion.
The scorpion is severely wounded.
You feel sick. The scorpion misses you.
You scratch the scorpion. You bite the scorpion.
The scorpion is almost dead.
You feel sick. The scorpion closely misses you.
You barely miss the scorpion.
The scorpion is almost dead.
You feel sick.
You are no longer poisoned.
The scorpion completely misses you. The scorpion stings you!
* * * LOW HITPOINT WARNING * * *
You closely miss the scorpion.
The scorpion is almost dead.
The scorpion stings you.
You die...

......### #.
##....... #.
#......### #.
#....J.... #.
#......# #.# #......#
#.# #......#
###.###......##
#...@sJ.........
###.##.#.##..###
#.##.#.##..........
###.##.#.##..#.#.#.#.
#....................
##..##.........#.#.##
#..##....#....#.#.##
#...................
#..##..###.##.......


You could see a scorpion and a jelly.

Vanquished Creatures
  A scorpion (D:6)
  A jelly (D:6)
  3 iguanas
  8 adders
  An ufetubus (D:6)
  3 dart slugs
  6 orcs
  8 endoplasms
  4 giant cockroaches
  3 goblins
  5 hobgoblins
  7 jackals
  5 kobolds
  3 quokkas
  10 ball pythons
  7 bats
  4 frilled lizards
  7 rats
  A butterfly (D:6)
87 creatures vanquished.

Notes
Turn   | Place    | Note
-------+----------+-------------------------------------------
     0 | D:5      | wormed the Felid Delver began the quest for the Orb.
     0 | D:5      | Reached XP level 1. HP: 10/10 MP: 2/2
    23 | D:4      | Noticed a jelly
    93 | D:3      | Reached XP level 2. HP: 14/14 MP: 3/3
   218 | D:2      | Reached XP level 3. HP: 7/17 MP: 4/4
   268 | D:2      | Reached skill level 7 in Stealth
   321 | D:2      | Found a sacrificial altar of Ru.
   789 | D:1      | Reached XP level 4. HP: 21/21 MP: 5/5
  1297 | D:2      | Slain by a hobgoblin
  1298 | D:2      | Reached XP level 3. HP: -3/18 MP: 4/4
  1724 | D:3      | Found a shadowy altar of Dithmenos.
  1802 | D:3      | Found a glowing silver altar of Zin.
  1802 | D:3      | Found a glowing golden altar of the Shining One.
  1803 | D:3      | Found a white marble altar of Elyvilon.
  2028 | D:3      | Found a faded altar of an unknown god.
  2044 | D:3      | Found an iron altar of Okawaru.
  2045 | D:3      | Found a bloodstained altar of Trog.
  2380 | D:3      | Reached XP level 4. HP: 19/22 MP: 5/5
  2469 | D:4      | Found a hide-covered altar of Uskayaw.
  2473 | D:4      | Noticed a kobold brigand
  3072 | D:4      | Found a broken altar of Ashenzari.
  3127 | D:4      | Noticed a phantom
  3357 | D:5      | Reached skill level 1 in Transmutations
  3425 | D:5      | Reached skill level 1 in Air Magic
  3432 | D:5      | Reached XP level 5. HP: 20/25 MP: 6/6
  3546 | D:5      | Noticed a black bear
  3549 | D:5      | Noticed a water moccasin
  3919 | D:6      | Reached skill level 1 in Spellcasting
  4001 | D:6      | Found a sparkling altar of Nemelex Xobeh.
  4153 | D:6      | Found a shimmering altar of Xom.
  4183 | D:6      | Gained mutation: You are covered in thick fur. (AC +2)
                  | [Felid growth]
  4183 | D:6      | Reached XP level 6. HP: 26/28 MP: 7/9
  4251 | D:6      | Slain by a scorpion

Illustrated notes

Levels and vault maps discovered:
D:1:      saegor_arrival_simple_b, layout_loops_ring, minmay_door_square,
          minmay_tetromino_i2
D:2:      layout_rooms, basic_altar
D:3:      layout_basic, grunt_temple_overflow_bloody_war, good_gods_temple_1,
          grunt_dithmenos_smoke_and_mirrors, nicolae_ecumenical_lake_church,
          hangedman_decor_slide_cut
D:4:      layout_cave_pools, eat_drink_and_be_merry_uskayaw,
          ashenzari_conservatory_becter
D:5:      layout_loops_cross, temple_hall, uniq_blork_the_orc
D:6:      minmay_clustersquares, layout_basic, xom_butterflies,
          nemelex_spade_bored_becter

Skill      XL: |  1  2  3  4  5 |
---------------+----------------+-----
Dodging        | 3 |  3.9
Stealth        | 7 |  7.4
Transmutations | 1 2 |  2.7
Air Magic      | 1 2 |  2.2
Spellcasting   | 1 |  1.4
Fighting       | |  3.8
Unarmed Combat | |  2.9

Action                   |  1- 3 |  4- 6 || total
-------------------------+-------+-------++-------
Melee: Unarmed           |   130 |   146 ||   276
       Bite              |    10 |    14 ||    24
       Punch             |     3 |     5 ||     8
  Use: Scroll            |     5 |     6 ||    11
       Potion            |     1 |       ||     1
 Stab: Sleeping          |    22 |    12 ||    34
       Distracted        |       |     1 ||     1
Armor: Skin              |    10 |     4 ||    14
Dodge: Dodged            |    92 |    97 ||   189

Table legend: (Time is in decaauts)
 A = Elapsed time spent in this place.
 B = Non-inter-level travel time spent in this place.
 C = Inter-level travel time spent in this place.
 D = Time resting spent in this place.
 E = Time spent auto-exploring this place.
 F = Levels seen in this place.
 G = Mean time per level.
                   A        B        C        D        E       F      G
               +--------+--------+--------+--------+--------+-----+--------+
         Total |   3650 |   3502 |    148 |    442 |   2231 |   6 |  608.3 |
       Dungeon |   3650 |   3502 |    148 |    442 |   2231 |   6 |  608.3 |
               +--------+--------+--------+--------+--------+-----+--------+

Top non-repeatable levels by time:
     D:3: 1286 daAuts
     D:1: 569 daAuts
     D:2: 554 daAuts
     D:6: 475 daAuts
     D:4: 422 daAuts
     D:5: 342 daAuts
